Map: Golden Wall LE

Players

AnDrEs

  • Race: Protoss Protoss
  • League: Silver
  • Spawn Location: 5:00

redbusman - Winner!

  • Race: Terran Terran
  • League: Bronze
  • Spawn Location: 7:00

VOD

Have the link to the VOD?

Description

Time

  • Played on: July 13, 2020, 11:20 p.m.
  • Length: 9:06
Show
View Real Time Build Order
Export as new Build Order

AnDrEs Protoss 

Build Orders:  

Get SALT Encoding   

  12  0:01  Probe  
  13  0:14  Probe  
  13  0:15  Pylon  
  14  0:22  Probe  
  15  0:38  Gateway  
  15  0:43  Probe  
  16  0:50  Assimilator  
  16  0:55  Probe  
  17  1:01  Gateway  
  17  1:07  Probe  
  18  1:19  Probe  
  19  1:25  Cybernetics Core  
  20  1:32  Probe  
  20  1:33  Pylon  
  20  1:44  Probe  
  21  1:59  Zealot  
  21  2:04  Zealot, Warp Gate  
  24  2:19  Probe  
  25  2:24  Pylon  
  25  2:27  Assimilator  
  25  2:31  Probe  
  26  2:41  Nexus  
  26  2:43  Probe  
  27  2:55  Probe  
  27  2:57  Gateway  
  28  3:07  Stalker  
  30  3:18  Twilight Council  
  30  3:32  Probe  
  31  3:42  Forge  
  31  3:44  Probe  
  32  3:55  Probe  
  33  4:02  Charge  
  33  4:03  Zealot x3  
  33  4:07  Probe  
  40  4:16  Protoss Ground Weapons Level 1  
  40  4:24  Pylon  
  40  4:29  Pylon  
  40  4:30  Probe  
  41  4:34  Probe  
  41  4:37  Zealot  
  44  4:43  Probe  
  45  4:47  Probe  
  45  4:52  Photon Cannon  
  46  5:01  Pylon  
  46  5:09  Stargate  
  46  5:16  Robotics Facility  
  46  5:20  Pylon  
  46  5:22  Probe  
  46  5:26  Pylon  
  46  5:28  Photon Cannon  
  47  5:33  Zealot  
  47  5:34  Zealot, Probe  
  52  5:38  Zealot  
  54  5:47  Gateway  
  54  5:52  Pylon  
  54  5:57  Probe  
  54  5:59  Assimilator  
  54  6:00  Oracle  
  55  6:08  Observer  
  55  6:09  Probe  
  60  6:12  Blink  
  60  6:29  Warp Prism  
  62  6:34  Photon Cannon  
  62  6:43  Probe  
  62  6:46  Probe  
  64  6:51  Photon Cannon  
  64  6:52  Assimilator  
  64  7:04  Photon Cannon  
  64  7:15  Gateway  
  64  7:16  Gateway  
  64  7:17  Gateway  
  61  7:50  Oracle  
  64  8:02  Stargate  
  64  8:05  Stargate  
  52  8:09  Zealot x2  
  52  8:10  Zealot x2  
  46  8:22  Zealot  
  46  8:23  Zealot x2  
  37  8:37  Zealot x2  
  39  8:55  Zealot x3  
Show
View Real Time Build Order
Export as new Build Order

redbusman Terran - Winner!

Build Orders:  

Get SALT Encoding   

  12  0:01  SCV  
  13  0:13  SCV  
  14  0:19  Supply Depot  
  14  0:25  SCV  
  15  0:30  Refinery  
  15  0:40  SCV  
  16  0:47  Barracks  
  16  0:52  SCV  
  17  1:09  SCV  
  18  1:25  SCV  
  19  1:33  Marine  
  19  1:39  Command Center  
  20  2:07  Orbital Command  
  20  2:20  Barracks Reactor  
  20  2:24  Factory  
  20  2:30  Supply Depot  
  20  2:37  SCV  
  21  2:49  SCV  
  22  2:51  Orbital Command  
  22  2:57  Marine x2  
  24  3:01  SCV  
  25  3:10  Starport  
  25  3:12  Factory Tech Lab  
  25  3:14  Marine x2  
  27  3:29  SCV x2  
  27  3:32  Marine x2  
  31  3:38  Widow Mine  
  33  3:41  SCV x2  
  33  3:48  Starport Tech Lab  
  35  3:49  Barracks  
  35  3:50  Marine  
  35  3:51  Barracks  
  35  3:53  SCV x2  
  35  3:55  Engineering Bay  
  38  3:57  Marine  
  39  4:05  SCV  
  39  4:06  Supply Depot, SCV  
  39  4:08  Marine  
  39  4:09  Supply Depot  
  42  4:18  SCV x2  
  44  4:24  Marine  
  44  4:26  Marine  
  44  4:28  Terran Infantry Weapons Level 1  
  46  4:42  Marine, Widow Mine  
  46  4:43  Marine  
  50  4:55  SCV  
  50  4:58  SCV  
  52  5:00  Marine  
  52  5:02  Marine  
  52  5:04  Combat Shield  
  54  5:07  SCV  
  54  5:10  Marine, SCV  
  54  5:13  Marine  
  58  5:18  Marine  
  58  5:19  Marine  
  60  5:22  Supply Depot  
  60  5:25  Supply Depot  
  60  5:28  Marine  
  60  5:31  Marine  
  60  5:32  Supply Depot  
  60  5:35  Supply Depot  
  62  5:44  Marine x2  
  62  5:46  Marine  
  62  5:49  Marine  
  66  6:01  Marine x2  
  66  6:04  Marine  
  68  6:06  Marine  
  70  6:14  Missile Turret  
  70  6:19  Marine x2  
  70  6:21  Marine  
  70  6:23  Terran Infantry Armor Level 1  
  70  6:24  Marine  
  74  6:25  Medivac  
  76  6:37  Supply Depot, Marine x2  
  78  6:40  Supply Depot  
  78  6:42  Supply Depot  
  78  6:54  Command Center  
  78  6:55  Medivac  
  80  7:12  Refinery  
  80  7:14  Refinery  
Tags
 
Add a new tag
Caveats
  • Supply blocks, unpowered buildings, or Contaminate may cause inaccurate times.
  • Supply counts are checked every 10 seconds.